 Dungeon Crawl Stone Soup version 0.28.0-43-g3370ac3207 (webtiles) character file.

Game seed: 12784806341217228221

12070 tizbic2 the Fighter (level 11, -1/123 HPs)
             Began as an Ogre Gladiator on Mar 12, 2022.
             Was an Elder of Wu Jian.
             Slain by a swamp worm (6 damage)
             ... on level 2 of the Lair of Beasts.
             The game lasted 01:00:43 (14491 turns).

tizbic2 the Fighter (Ogre Gladiator)               Turns: 14491, Time: 01:00:43

Health: -1/123     AC: 10    Str: 24    XL:     11   Next: 87%
Magic:  20/20      EV: 10    Int: 11    God:    Wu Jian [****..]
Gold:   552        SH:  0    Dex: 10    Spells: 9/10 levels left

rFire   . . .      SeeInvis .   w - +5 mace of War {vorpal, Fly rElec Int+2}
rCold   . . .      Faith    +   (no shield)
rNeg    . . .      Spirit   .   n - +0 acid dragon scales
rPois   +          Reflect  .   M - +2 hat
rElec   +          Harm     .   v - +0 cloak
rCorr   +          Rampage  .   (gloves unavailable)
Will    +....                   (boots unavailable)
Stlth   +.........              i - amulet of faith
HPRegen 0.30/turn               C - ring of poison resistance
MPRegen 0.17/turn               K - ring of magical power

@: about to teleport, flying
A: large, unfitting armour, tough skin 1
a: Renounce Religion, Wall Jump, Serpent's Lash


You were on level 2 of the Lair of Beasts.
You worshipped Wu Jian.
Wu Jian was greatly pleased with you.
You visited 3 branches of the dungeon, and saw 12 of its levels.
You also visited: Sewer.

You collected 552 gold pieces.

Inventory:

Hand Weapons
 a - a +2 antimagic morningstar
 j - a +2 dagger of holy wrath
 o - a +0 giant club of protection
 q - a +2 hand axe of venom
 w - the +5 mace of War (weapon) {vorpal, Fly rElec Int+2}
   (You found it on level 2 of the Dungeon)

   It inflicts extra damage upon your enemies.
   Int:       It affects your intelligence (+2).
   rElec:     It insulates you from electricity.
   Fly:       It grants you flight.
 D - a +0 giant spiked club of flaming
Missiles
 b - 7 silver javelins
 d - 3 throwing nets
 e - 153 stones
 g - 12 poisoned darts
 k - 2 atropa-tipped darts
 l - 4 boomerangs
 u - 5 large rocks (quivered)
 y - 3 silver boomerangs
Armour
 n - +0 acid dragon scales (worn)
 v - a +0 cloak (worn)
 M - a +2 hat (worn)
Jewellery
 i - an amulet of faith (around neck)
 C - a ring of poison resistance (left hand)
 K - a ring of magical power (right hand)
Wands
 z - a wand of digging (6)
 I - a wand of iceblast (9)
 J - a wand of polymorph (6)
 L - a wand of flame (5)
Scrolls
 m - 3 scrolls of fog
 A - 7 scrolls of teleportation
 G - a scroll of magic mapping
Potions
 f - a potion of flight {unknown}
 h - 2 potions of mutation {unknown}
 p - 2 potions of cancellation {unknown}
 r - 2 potions of degeneration {unknown}
 s - 5 potions of brilliance
 t - a potion of invisibility
 x - a potion of berserk rage
 B - a potion of ambrosia {unknown}
 E - a potion of might
 F - a potion of attraction {unknown}
 H - 2 potions of lignification


   Skills:
 * Level 11.8 Fighting
 * Level 11.1 Maces & Flails
 * Level 10.1 Throwing
 + Level 2.3 Armour
 + Level 5.4 Dodging


You had 9 spell levels left.
You knew the following spells:

 Your Spells              Type           Power      Damage    Failure   Level
a - Foxfire               Conj/Fire      0%         2x1d4     41%         1

Your spell library contained the following spells:

 Spells                   Type           Power      Damage    Failure   Level
 Summon Small Mammal      Summ           0%         N/A       41%         1
 Corpse Rot               Necr/Air       0%         N/A       54%         2
 Poisonous Vapours        Pois/Air       0%         N/A       54%         2
 Call Canine Familiar     Summ           0%         N/A       78%         3
 Conjure Flame            Conj/Fire      0%         6-21      78%         3
 Gell's Gravitas          Tloc           0%         N/A       78%         3
 Inner Flame              Hex/Fire       0%         N/A       78%         3
 Summon Guardian Golem    Hex/Summ       0%         N/A       78%         3
 Teleport Other           Tloc           0%         N/A       78%         3
 Flame Wave               Conj/Fire      0%         2d4       99%         4
 Dispersal                Tloc           0%         N/A       100%        6


Dungeon Overview and Level Annotations

Branches:
Dungeon (9/15)             Temple (1/1) D:4            Lair (2/6) D:9
  Swamp (0/4) Lair:2        Sewer (visited)
  Snake: Lair:2-4    Spider: Lair:2-4       Orc: D:9-12

Altars:
Ashenzari
Cheibriados
Dithmenos
Elyvilon
Fedhas
Gozag
Hepliaklqana
Kikubaaqudgha
Makhleb
Nemelex Xobeh
Okawaru
Qazlal
Ru
Sif Muna
Trog
Uskayaw
Vehumet
Wu Jian
Yredelemnul
Zin

Annotations:
D:9 2 transporters, Woods's ghost, novice DjFE


Innate Abilities, Weirdness & Mutations

You are too large for most types of armour.
You have tough skin. (AC +1)


Message History

You start resting.
HP restored.
You fly downwards.
There is a stone staircase leading up here.
u - a large rock
Things that are here:
a +0 scale mail; 7 silver javelins; a +0 war axe
b - 7 silver javelins
u - 3 large rocks (gained 2)
d - 3 throwing nets;
u - 4 large rocks (gained 1)
u - 5 large rocks (gained 1) 2 swamp worms come into view.
Found a staircase to the Swamp.
The swamp worm fires a harpoon shot at you.
The harpoon shot hits you!
You are yanked forward by the harpoon shot.
The swamp worm fires a harpoon shot at you.
The harpoon shot hits you!
You are yanked forward by the harpoon shot.
You closely miss the swamp worm. The swamp worm bites you.
The swamp worm bites you!!
You hit the swamp worm.
The swamp worm is lightly wounded.
The swamp worm bites you but does no damage.
The swamp worm bites you!
You closely miss the swamp worm.
The swamp worm is lightly wounded.
The swamp worm bites you. The swamp worm bites you!
The swamp worm fires a harpoon shot at you.
The harpoon shot hits you!
You are yanked forward by the harpoon shot.
The swamp worm fires a harpoon shot at you.
The harpoon shot hits you!
* * * LOW HITPOINT WARNING * * *
You are yanked forward by the harpoon shot.
The swamp worm bites you!
* * * LOW HITPOINT WARNING * * *
As you read the scroll of teleportation, it crumbles to dust.
You feel strangely unstable. The swamp worm bites you.
You die...

.........###
..........####
#............#
#...........##
##........♣♣♣
##......♣♣§♣♣♣
#......♣§§§≈♣♣
##.....§§§§≈w♣
#.....♣♣≈≈@§♣
#......♣♣≈§w♣♣
#..P...#♣♣♣♣♣
#...#### ...##
...


You could see 2 swamp worms.

Vanquished Creatures
  Gastronok (Lair:2)
  Urug (Lair:2)
  3 cane toads
  2 komodo dragons (Lair:1)
  A kobold demonologist (D:7)
  2 rime drakes (Lair:1)
  A troll (D:9)
  A tyrant leech (Lair:2)
  7 wyverns
  A wraith (D:9)
  10 yaks
  3 basilisks
  A steam dragon (D:9)
  Menkaure (D:7)
  A swamp worm (Lair:2)
  An acid dragon (D:8)
  8 water moccasins
  Duvessa (D:7)
  An ice beast (D:7)
  A necrophage (D:7)
  3 ogres
  2 centaurs
  A phantom (D:6)
  7 bullfrogs
  A kobold brigand (D:7)
  5 scorpions
  A wyvern zombie (D:8)
  Dowan (D:7)
  13 killer bees
  10 wights (D:8)
  An electric eel (Lair:1)
  2 howler monkeys
  A centaur zombie (D:8)
  4 hounds
  Crazy Yiuf (D:5)
  2 jellies (D:6)
  A gnoll shaman (D:8)
  An orc priest (D:7)
  A bullfrog skeleton (D:6)
  2 centaur skeletons
  3 iguanas
  2 orc wizards
  11 adders
  2 gnolls (D:8)
  4 river rats (Sewer)
  A white imp (D:7)
  An adder skeleton (D:4)
  A worm (D:4)
  2 dart slugs (D:4)
  20 orcs
  9 endoplasms
  3 giant cockroaches
  5 goblins
  2 hobgoblins
  9 quokkas
  17 ball pythons
  3 bats
  7 frilled lizards
  9 kobolds
  24 rats
243 creatures vanquished.

Vanquished Creatures (collateral kills)
  A howler monkey zombie (D:5)
1 creature vanquished.

Vanquished Creatures (others)
  A gnoll (D:8)
  4 foxfires (D:7)
  16 fungi
  19 plants
40 creatures vanquished.

Grand Total: 284 creatures vanquished

Notes
Turn   | Place    | Note
-------+----------+-------------------------------------------
     0 | D:1      | tizbic2 the Ogre Gladiator began the quest for the Orb.
     0 | D:1      | Reached XP level 1. HP: 22/22 MP: 1/1
   277 | D:1      | Reached XP level 2. HP: 28/29 MP: 2/2
  1055 | D:2      | Identified the +5 mace of War {vorpal, Fly rElec Int+2}
  1112 | D:2      | Reached XP level 3. HP: 37/37 MP: 3/3
  1424 | D:3      | Found a glowing drain.
  1489 | Sewer    | Entered a sewer
  1590 | Sewer    | Reached XP level 4. HP: 38/45 MP: 4/4
  2027 | Sewer    | Reached XP level 5. HP: 31/54 MP: 5/5
  2266 | Sewer    | Reached XP level 6. HP: 33/62 MP: 6/6
  2928 | D:3      | Found a faded altar of an unknown god.
  2973 | D:4      | Reached XP level 7. HP: 60/71 MP: 7/7
  3128 | D:4      | Found a staircase to the Ecumenical Temple.
  3139 | Temple   | Entered the Ecumenical Temple
  3313 | Temple   | Became a worshipper of the Wu Jian Council
  3630 | D:5      | Entered Level 5 of the Dungeon
  3650 | D:5      | Found a sparkling altar of Nemelex Xobeh.
  3701 | D:5      | Reached skill level 5 in Fighting
  3701 | D:5      | Reached skill level 5 in Maces & Flails
  3855 | D:5      | Reached skill level 5 in Throwing
  3927 | D:5      | Found a runed translucent door.
  3928 | D:5      | Noticed Crazy Yiuf
  3936 | D:5      | Killed Crazy Yiuf
  4188 | D:5      | Reached * piety under Wu Jian
  4189 | D:5      | Reached XP level 8. HP: 66/80 MP: 8/8
  4570 | D:5      | Found a basalt altar of Yredelemnul.
  4570 | D:5      | Found a shadowy altar of Dithmenos.
  4578 | D:5      | Found a bloodstained altar of Trog.
  4581 | D:5      | Found a shimmering blue altar of Sif Muna.
  4583 | D:5      | Found an ancient bone altar of Kikubaaqudgha.
  4761 | D:6      | Found a radiant altar of Vehumet.
  5115 | D:7      | Noticed Menkaure
  5384 | D:7      | Killed Menkaure
  5651 | D:7      | Reached XP level 9. HP: 90/92 MP: 9/9
  5696 | D:7      | Learned a level 1 spell: Foxfire
  5712 | D:7      | Reached ** piety under Wu Jian
  5864 | D:7      | Noticed a kobold demonologist
  5872 | D:7      | Noticed a sixfirhy
  5907 | D:7      | Noticed Dowan
  5908 | D:7      | Noticed Duvessa
  5921 | D:7      | Killed Duvessa
  5925 | D:7      | Killed Dowan
  6263 | D:7      | Noticed a rust devil
  6266 | D:7      | Noticed an ice devil
  6266 | D:7      | Killed a kobold demonologist
  7734 | D:8      | Reached XP level 10. HP: 20/95 MP: 10/10
  8963 | D:9      | Reached *** piety under Wu Jian
  9563 | D:9      | Found a staircase to the Lair.
 10130 | D:9      | Reached skill level 10 in Maces & Flails
 10134 | D:9      | Reached skill level 10 in Fighting
 10135 | D:9      | Noticed a moth of wrath
 10137 | D:9      | Found a bloodstained altar of Trog.
 10137 | D:9      | Noticed Woods's ghost (novice DjFE)
 10139 | D:9      | Noticed a two-headed ogre
 10140 | D:9      | Noticed a deep troll
 10170 | D:9      | Found a transporter.
 10173 | D:9      | Found a transporter.
 10579 | D:9      | HP: 4/110 [killer bee (7)]
 11238 | Lair:1   | Entered Level 1 of the Lair of Beasts
 11275 | Lair:1   | Noticed a cane toad
 11285 | Lair:1   | Killed a cane toad
 11286 | Lair:1   | Reached XP level 11. HP: 72/119 MP: 11/11
 11575 | Lair:1   | Reached skill level 1 in Armour
 12141 | Lair:1   | Reached skill level 5 in Dodging
 13085 | Lair:2   | Noticed Gastronok
 13101 | Lair:2   | Killed Gastronok
 13416 | Lair:2   | Noticed an eight-headed hydra
 13838 | Lair:2   | Noticed a death yak
 14013 | Lair:2   | Noticed Urug
 14018 | Lair:2   | Killed Urug
 14018 | Lair:2   | Reached **** piety under Wu Jian
 14019 | Lair:2   | Reached skill level 10 in Throwing
 14046 | Lair:2   | HP: 9/184 [swamp worm (16)]
 14048 | Lair:2   | HP: 1/184 [swamp worm (6)]
 14486 | Lair:2   | Found a staircase to the Swamp.
 14490 | Lair:2   | HP: 4/123 [swamp worm (17)]
 14491 | Lair:2   | Slain by a swamp worm

Illustrated notes

Levels and vault maps discovered:
D:1:      dpeg_arrival_arbitrary_c, layout_basic, fountainhead,
          wad_floor_pattern_1
D:2:      layout_loops_ring, minmay_heptomino_d4
D:3:      layout_rooms, gup_sewer_entry_pipe,
          shapermc_ecumenical_altar_acropolis
D:4:      layout_cave_pools, minmay_temple_entry_stoned_glass,
          serial_column_ruins, column_ruins_columns_corner, column_ruins_grid_1,
          column_ruins_corridor_dead_end, column_ruins_open_small,
          column_ruins_grid_1
D:5:      layout_loops_corners, mainiacjoe_overflow_tiny_flanked,
          chequers_temple_overflow_minitemple, uniq_crazy_yiuf_cottage
D:6:      layout_rooms, vehumet_crystals, nrook_mini_vaults
D:7:      layout_loops_ring, uniq_menkaure, uniq_duvessa
D:8:      layout_basic, kennysheep_generic_room_14
D:9:      layout_layer_cave, minmay_lair_entry_grove,
          gammafunk_ghost_wrathful_warriors
Temple:   oiseaux_autumnal_temple
Lair:1:   statuecave_lemuel, layout_regular_city
Lair:2:   layout_cave_pods, minmay_swamp_entry_worms, nzn_random_ring,
          uniq_gastronok, uniq_urug

Skill      XL: |  1  2  3  4  5  6  7  8  9 10 11 |
---------------+----------------------------------+-----
Maces & Flails | 3 4 5 6 8 10 11 | 11.1
Fighting       | 3 4 5 6 8 10 11 | 11.8
Dodging        | 3 4 5 |  5.4
Throwing       | 3 4 5 6 7 9 10 | 10.1
Armour         | 2 |  2.3

Action                   |  1- 3 |  4- 6 |  7- 9 | 10-12 || total
-------------------------+-------+-------+-------+-------++-------
Melee: Club              |    40 |       |       |       ||    40
       Hand axe          |    22 |    60 |    11 |     6 ||    99
       Short sword       |     5 |       |       |       ||     5
       Mace              |    27 |    13 |   142 |   187 ||   369
       Dagger            |       |       |    81 |       ||    81
       Giant club        |       |       |    33 |   151 ||   184
       Punch             |       |       |     4 |       ||     4
Throw: Stone             |    41 |    20 |    18 |       ||    79
       Boomerang         |    12 |    20 |    53 |    28 ||   113
       Dart              |       |       |     5 |    18 ||    23
       Throwing net      |       |       |     1 |     3 ||     4
       Large rock        |       |       |       |    10 ||    10
 Cast: Foxfire           |       |       |     2 |       ||     2
Invok: Lunge             |       |       |    12 |     6 ||    18
       Whirlwind         |       |       |     2 |    28 ||    30
 Abil: Wall Jump         |       |       |       |     5 ||     5
  Use: Scroll            |     5 |     1 |    13 |     4 ||    23
       Potion            |       |     1 |     6 |    10 ||    17
 Stab: Distracted        |       |       |     1 |       ||     1
Armor: Robe              |    27 |    33 |   103 |       ||   163
       Acid dragon scale |       |       |       |   153 ||   153
       Skin              |       |       |       |     2 ||     2
Dodge: Dodged            |    48 |    54 |   166 |   187 ||   455
